AoeStats
← MeowMe

African Clearing

504972588Analyzed
3v3 RM · 24d ago on Sep 7, 2026· 22m 4s· 6 players
Game mode
Random Map
Map size
Normal (6 player)
Population
200
Speed
Normal
Resources
Standard
Victory
Conquest
Starting age
Dark Age
Ending age
Imperial Age
RankedLock teamsTeams togetherTeam positionsShared explorationLock speedFull tech treeHidden civsTurbo modeCheats
Victory
Defeat
🇧🇾 Berbers · Belarus
1521
+10
🇷🇺 Magyars · Russia
1428
+13
🇬🇪 Huns · Georgia
1426
+13
🇨🇳 Bulgarians · China
1395
-13
🇦🇺 Dravidians · Australia
1377
-12
🇪🇪 Huns · Estonia
1343
-11
commandokris
6:10 Loom
13:47 Feudal Age
Senex
6:54 Loom
13:33 Feudal Age
17:55 Castle Age
17:21 Bloodlines
17:01 Double-Bit Axe
18:19 Forging
小农民
10:40 Loom
13:40 Feudal Age
17:37 Forging
SiraZaika
5:55 Loom
11:38 Feudal Age
12:10 Town Watch
19:29 Bloodlines
21:43 Scale Barding Armor
MeowMe
6:10 Loom
13:37 Feudal Age
18:03 Castle Age
17:31 Double-Bit Axe
22:19 Fletching
OLADUSHEK
9:00 Loom
11:22 Feudal Age
12:29 Double-Bit Axe
13:58 Horse Collar
14:33 Town Watch
16:06 Wheelbarrow
16:12 Bloodlines
22:05 Castle Age
20:58 Fletching
21:14 Gold Mining
Connection lost

Rejoining the realm…

Still unreachable

The connection could not be restored.

Session expired

The server has moved on; the page needs a fresh start.